 Dungeon Crawl Stone Soup version 0.31-a0-963-ga325b2283a (webtiles) character file.

Game seed: 17721765184513539755

34839 Dirtsage the Martial Artist (level 13, -8/88 HPs)
             Began as an Octopode Shapeshifter on Oct 24, 2023.
             Was a High Priest of the Shining One.
             Mangled by a dire elephant (13 damage)
             ... on level 5 of the Lair of Beasts.
             The game lasted 00:47:15 (17033 turns).

Dirtsage the Martial Artist (OpSh)                 Turns: 17033, Time: 00:47:16

Health: -8/88      AC:  1    Str: 13    XL:     13   Next: 80%
Magic:  30/30      EV: 27    Int: 12    God:    the Shining One [*****.]
Gold:   1123       SH:  0    Dex: 20    Spells: 12/12 levels left

rFire   . .          .
                       - Unarmed
rCold   + . .        (no shield)
rNeg    + + +        (helmet currently unavailable)
rPois   +            T - amulet of regeneration
rElec   .            W - ring of wizardry
rCorr   +            u - ring of willpower
SInv    +            P - ring of poison resistance
Will    ++...        s - +5 ring of evasion
Stlth   ++           L - ring of Qazlal's Pride {rN+ rCorr MP+9 Dex+3}
HPRegen 1.14/turn    I - ring of protection from cold
MPRegen 0.22/turn    S - ring of see invisible
                     k - ring of willpower

%: wizardry (x1)
@: beast-form, glowing, studying Dodging
A: beast (slay +4), almost no armour, amphibious, 8 rings, camouflage 1,
gelatinous body 1, (nimble swimmer 1), tentacles
a: Begin Untransformation, Renounce Religion, Divine Shield, Cleansing Flame,
Summon Divine Warrior


You were on level 5 of the Lair of Beasts.
You worshipped the Shining One.
The Shining One was extremely pleased with you.
You were a hulking beast.
You visited 3 branches of the dungeon, and saw 17 of its levels.
You also visited: Sewer, Ossuary and Bailey.

You collected 1949 gold pieces.
You spent 826 gold pieces at shops.

Inventory:

Missiles
 m - 2 throwing nets
 y - 2 curare-tipped darts
Jewellery
 k - a ring of willpower (on tentacle)
 s - a +5 ring of evasion (on tentacle)
 u - a ring of willpower (right tentacle)
 I - a ring of protection from cold (on tentacle)
 L - the ring of Qazlal's Pride (on tentacle) {rN+ rCorr MP+9 Dex+3}
   (You acquired it on level 10 of the Dungeon)

   [ring of positive energy]

   Dex+3:     It affects your dexterity (+3).
   rN+:       It protects you from negative energy.
   MP+9:      It affects your magic capacity (+9).
   rCorr:     It protects you from acid and corrosion.
 P - a ring of poison resistance (on tentacle)
 S - a ring of see invisible (on tentacle)
 T - an amulet of regeneration (around mantle)
 U - the ring of Muysen {rCorr Str+3 Int+6 Dex-5}
   (You took it off a kobold brigand on level 11 of the Dungeon)

   [ring of intelligence]

   Str+3:     It affects your strength (+3).
   Int+6:     It affects your intelligence (+6).
   Dex-5:     It affects your dexterity (-5).
   rCorr:     It protects you from acid and corrosion.
 W - a ring of wizardry (left tentacle)
Talismans
 b - a beast talisman
 e - a flux talisman
Wands
 p - a wand of paralysis (4)
 G - a wand of roots (6)
 H - a wand of flame (8)
 J - a wand of mindburst (24)
 V - a wand of light (5)
Scrolls
 c - a scroll of vulnerability
 g - 8 scrolls of fear
 o - 3 scrolls of immolation
 t - 8 scrolls of teleportation
 x - 5 scrolls of enchant armour
 z - a scroll of silence
 B - 6 scrolls of blinking
 C - 4 scrolls of revelation
 D - 5 scrolls of poison
 E - 3 scrolls of enchant weapon
 F - 4 scrolls of fog
Potions
 a - a potion of lignification
 d - 6 potions of might
 f - 3 potions of cancellation
 h - 2 potions of haste
 j - a potion of mutation {unknown}
 l - 7 potions of heal wounds
 n - 6 potions of resistance
 q - 6 potions of curing
 r - 3 potions of invisibility
 w - 3 potions of berserk rage
 A - 4 potions of attraction
 N - a potion of experience {unknown}
 O - 3 potions of magic
 Q - 2 potions of brilliance
 R - a potion of ambrosia
 Y - a potion of degeneration {unknown}
 Z - a potion of enlightenment {unknown}
Miscellaneous
 i - a condenser vane
 M - a phial of floods


   Skills:
 + Level 8.0 Fighting
 + Level 0.2 Throwing
 + Level 12.3 Dodging
 - Level 5.9 Stealth
 - Level 1.0 Shields
 - Level 14.3 Unarmed Combat
 * Level 11.8 Invocations
 + Level 4.0 Evocations
 + Level 7.2 Shapeshifting


You had 12 spell levels left.
You didn't know any spells.
Your spell library contained the following spells:

 Spells                   Type           Power      Damage    Failure   Level
 Magic Dart               Conj           0%         1d3       13%         1
 Sting                    Tmut/Pois      0%         1d3       13%         1
 Blink                    Tloc           0%         N/A       21%         2
 Lesser Beckoning         Tloc           0%         N/A       21%         2
 Momentum Strike          Conj/Tloc      0%         3d8       21%         2
 Poisonous Vapours        Pois/Air       0%         N/A       21%         2
 Searing Ray              Conj           0%         2d4       21%         2
 Hailstorm                Conj/Ice       0%         3d3       36%         3
 Ignite Poison            Fire/Tmut/Pois 0%         N/A       36%         3
 Fulminant Prism          Conj/Hex       0%         3d5       75%         4
 Olgreb's Toxic Radiance  Pois           0%         N/A       75%         4
 Sticky Flame             Conj/Fire      0%         2d3       75%         4
 Summon Ice Beast         Ice/Summ       0%         N/A       75%         4
 Iskenderun's Battlesphe  Conj           0%         2d6       97%         5
 Bombard                  Conj/Erth      0%         9d1       100%        6
 Conjure Ball Lightning   Conj/Air       0%         3x3d6     100%        6
 Simulacrum               Ice/Necr       0%         N/A       100%        6
 Spellforged Servitor     Conj/Summ      0%         N/A       100%        7
 Discord                  Hex            0%         N/A       100%        8
 Disjunction              Tloc           0%         N/A       100%        8
 Ignition                 Fire           0%         3d3       100%        8


Dungeon Overview and Level Annotations

Branches:
Dungeon (11/15)            Temple (1/1) D:5            Lair (5/5) D:9
  Swamp (0/4) Lair:2       Spider (0/4) Lair:2        Slime (0/5) Lair:4
    Orc (0/2) D:11          Sewer (visited)         Ossuary (visited)
 Bailey (visited)

Altars:
Ashenzari
Cheibriados
Dithmenos
Elyvilon
Fedhas
Gozag
Hepliaklqana
Kikubaaqudgha
Makhleb
Nemelex Xobeh
Okawaru
Qazlal
Ru
Sif Muna
Trog
Uskayaw
Vehumet
Wu Jian
Xom
Yredelemnul
Zin
The Shining One
Jiyva

Shops:
D:2 [   D:3 ?   D:11 =

Annotations:
D:2 1 runed translucent door, Crazy Yiuf
D:11 exclusions: ice statue and orange crystal statue


Innate Abilities, Weirdness & Mutations

You are a hulking beast.
Your limbs bulge with bestial killing power. (Slay +4)
You cannot wear most types of armour.
You are amphibious.
You can wear up to eight rings at the same time.
Your skin changes colour to match your surroundings (Stealth+).
Your rubbery body absorbs attacks. (AC +1, EV +1)
((You are camouflaged when in or above water. (Stealth+)))
You have tentacles for arms and can constrict up to eight enemies at once.


Message History

The dire elephant tramples your butterfly!!
Your butterfly holds its ground!
Your butterfly dies!
Your butterfly disappears in a burst of colours!
Things that are here:
a hell hound corpse; a cane toad corpse The dire elephant tramples you!!
You hold your ground!
The dire elephant completely misses you.
You take 29 damage, and have 59/88 hp.
MASSIVE DAMAGE!!
You bludgeon the dire elephant!
You tentacle-slap the dire elephant, but do no damage.
You squeeze the dire elephant, but do no damage.
The dire elephant is lightly wounded.
The dire elephant closely misses you. The dire elephant trunk-slaps you.
You take 4 damage, and have 55/88 hp.
You bludgeon the dire elephant! You squeeze the dire elephant.
The dire elephant is lightly wounded.
The dire elephant tramples you!
You hold your ground!
The dire elephant completely misses you.
You take 8 damage, and have 47/88 hp.
You tentacle-slap the dire elephant but do no damage.
The dire elephant is lightly wounded.
You tentacle-slap the dire elephant but do no damage.
You squeeze the dire elephant.
The dire elephant is moderately wounded.
The dire elephant barely misses you. The dire elephant trunk-slaps you!
You take 9 damage, and have 39/88 hp.
You bludgeon the dire elephant!
You squeeze the dire elephant, but do no damage.
The dire elephant is moderately wounded.
The dire elephant tramples you!!
* * * LOW HITPOINT WARNING * * *
You hold your ground!
The dire elephant completely misses you.
You take 34 damage, and have 5/88 hp.
MASSIVE DAMAGE!!
You tentacle-slap the dire elephant.
The dire elephant is moderately wounded.
The dire elephant completely misses you.
The dire elephant trunk-slaps you!
You die...

♣♣÷♣♣ ♣♣♣♣ ♣♣♣♣♣♣♣
♣♣.♣ ♣♣.♣♣ ♣♣†♣
♣...♣♣ ♣♣..♣♣ ♣....♣
♣....♣♣ ♣♣♣b.♣♣..♣
..♣...♣♣♣ ♣♣b..♣♣
♣♣..♣ .♣♣♣♣.♣..♣♣♣♣
♣♣♣♣b..♣♣ ♣Y.♣ ♣♣
♣♣..♣♣♣..b♣♣♣b.bb♣♣♣
.. ♣♣..♣♣
♣♣bbbb†hY♣♣♣ ♣♣..♣♣
♣♣b♣♣b♣♣♣ ♣♣..♣♣
♣♣♣♣♣+ ♣..♣..♣
♣..♣♣..♣ ..♣♣ ♣.♣
.♣♣ ..♣ ♣♣ ..♣ .♣


You could see a dire elephant (ally target).

Vanquished Creatures
  A dire elephant (Lair:5)
  Fannar (D:11)
  2 hydras
  A two-headed ogre (D:11)
  2 boulder beetles
  Nergalle (Lair:2)
  A skyshark (Lair:5)
  2 bog bodies (Lair:2)
  An orc knight (Bailey)
  A deep elf pyromancer (D:11)
  A cyclops (D:11)
  5 elephants (Lair:5)
  4 black mambas
  A torpor snail (Lair:5)
  7 cane toads
  2 rime drakes
  5 komodo dragons
  2 kobold demonologists (D:11)
  An unseen horror (D:11)
  3 trolls
  4 polar bears
  Prince Ribbit (D:5)
  8 blink frogs
  2 hornets (D:9)
  7 dream sheep (Lair:4)
  Sigmund (D:2)
  A shadow (D:10)
  Eustachio (D:4)
  35 yaks
  3 wyverns
  3 redbacks (Lair:2)
  A basilisk (Lair:5)
  2 acid dragons (D:10)
  Duvessa (D:7)
  A hell hound (Lair:5)
  14 water moccasins
  Pargi (Sewer)
  2 black bears (D:6)
  An orc warrior (D:9)
  2 sky beasts
  4 wolves (Lair:4)
  3 centaurs
  An ogre (D:11)
  9 kobold brigands
  10 bullfrogs
  4 gnoll sergeants (D:11)
  4 scorpions
  3 water moccasin zombies (Ossuary)
  6 wights
  Dowan (D:7)
  20 killer bees
  5 howler monkeys
  2 electric eels (Lair:3)
  17 jellies
  4 orc priests
  3 gnoll boudas
  A sleepcap (D:4)
  Ijyb (D:3)
  2 orc wizards (D:9)
  5 iguanas
  Robin (D:2)
  3 mummies
  34 gnolls
  3 adders
  2 ufetubi (D:5)
  3 adder zombies (Ossuary)
  3 worms
  5 dart slugs
  43 orcs
  2 bats
  4 endoplasms
  3 giant cockroaches
  5 gnoll zombies (Ossuary)
  17 goblins
  14 hobgoblins
  2 jackals (D:2)
  24 kobolds
  5 quokkas
  2 ball pythons (Sewer)
  3 frilled lizards
  4 hobgoblin zombies (Ossuary)
  3 kobold zombies (Ossuary)
  7 orc zombies (Ossuary)
  2 rats (D:3)
434 creatures vanquished.

Notes
Turn   | Place    | Note
-------+----------+-------------------------------------------
     0 | D:1      | Dirtsage the Octopode Shapeshifter began the quest for the
                  | Orb.
     0 | D:1      | Reached XP level 1. HP: 13/13 MP: 1/1
    45 | D:1      | Reached XP level 2. HP: 18/18 MP: 2/2
   249 | D:1      | Reached XP level 3. HP: 18/23 MP: 3/3
   636 | D:2      | Noticed Sigmund
   768 | D:2      | Found a runed translucent door.
   769 | D:2      | Noticed Crazy Yiuf
   885 | D:2      | Found a shimmering altar of Xom.
   905 | D:2      | Reached XP level 4. HP: 29/29 MP: 4/4
   918 | D:2      | Killed Sigmund
   919 | D:2      | Reached skill level 4 in Unarmed Combat
   919 | D:2      | Reached XP level 5. HP: 35/36 MP: 5/5
   919 | D:2      | Reached XP level 6. HP: 40/41 MP: 6/6
   938 | D:2      | Found Okollui's Armour Shop.
   950 | D:2      | Noticed Robin
   981 | D:2      | Killed Robin
  2073 | D:3      | Found Nyuna Bosy's Magic Scroll Emporium.
  2082 | D:3      | Bought a scroll of identify for 28 gold pieces
  2082 | D:3      | Bought a scroll of identify for 28 gold pieces
  2322 | D:3      | Identified the +2 scale mail of the Crypt {Rampage rPois}
  2361 | D:3      | Noticed Ijyb
  2370 | D:3      | Killed Ijyb
  2590 | D:4      | Found an iron altar of Okawaru.
  2590 | D:4      | Noticed Eustachio
  2772 | D:4      | Killed Eustachio
  2773 | D:4      | Reached skill level 1 in Stealth
  2773 | D:4      | Reached skill level 5 in Unarmed Combat
  2773 | D:4      | Reached XP level 7. HP: 46/46 MP: 7/7
  2916 | D:4      | Found a burning altar of Makhleb.
  3033 | D:4      | Found a broken altar of Ashenzari.
  3768 | D:5      | Entered Level 5 of the Dungeon
  3827 | D:5      | Reached skill level 6 in Unarmed Combat
  3950 | D:5      | Found a staircase to the Ecumenical Temple.
  3951 | D:5      | Noticed Prince Ribbit
  3957 | D:5      | Killed Prince Ribbit
  3958 | D:5      | Reached XP level 8. HP: 16/52 MP: 8/8
  3970 | Temple   | Entered the Ecumenical Temple
  3988 | Temple   | Became a worshipper of the Shining One
  4024 | D:5      | Reached skill level 5 in Stealth
  4184 | D:5      | Reached skill level 7 in Unarmed Combat
  4237 | D:5      | Found a glowing drain.
  4246 | Sewer    | Entered a sewer
  4337 | Sewer    | Noticed Pargi
  4358 | Sewer    | Killed Pargi
  5002 | D:6      | Reached skill level 1 in Invocations
  5076 | D:6      | Reached XP level 9. HP: 24/57 MP: 8/10
  5216 | D:6      | Found a bloodstained altar of Trog.
  5248 | D:6      | Reached skill level 8 in Unarmed Combat
  5286 | D:6      | Reached skill level 5 in Shapeshifting
  5989 | D:6      | Found an ancient bone altar of Kikubaaqudgha.
  6053 | D:6      | You fall into a shaft and drop 3 floors!
  6169 | D:9      | Reached * piety under the Shining One
  6179 | D:9      | Reached skill level 9 in Unarmed Combat
  6319 | D:7      | Reached skill level 5 in Dodging
  6424 | D:7      | Identified the +6 rapier of a volcano {venom, rC++ Str-2
                  | Int+2 Dex-5}
  6457 | D:7      | Found a sand-covered staircase.
  6465 | Ossuary  | Entered an ossuary
  6554 | Ossuary  | Reached ** piety under the Shining One
  6607 | Ossuary  | Reached *** piety under the Shining One
  6715 | D:7      | Found an opulent altar of Gozag.
  6776 | D:7      | Reached XP level 10. HP: 56/64 MP: 13/13
  6814 | D:7      | Reached skill level 10 in Unarmed Combat
  7124 | D:7      | Noticed Duvessa
  7126 | D:7      | Noticed Dowan
  7134 | D:7      | Killed Duvessa
  7135 | D:7      | Killed Dowan
  7655 | D:8      | Reached skill level 11 in Unarmed Combat
  7831 | D:8      | Found a shimmering altar of Xom.
  7898 | D:8      | Found a sacrificial altar of Ru.
  8223 | D:8      | Reached skill level 5 in Invocations
  8299 | D:8      | Found a blossoming altar of Fedhas.
  8513 | D:9      | Found a white marble altar of Elyvilon.
  8534 | D:9      | Reached **** piety under the Shining One
  8578 | D:9      | Found a staircase to the Lair.
  8704 | D:9      | Paralysed by a hornet for 2 turns
  9070 | D:10     | Entered Level 10 of the Dungeon
  9328 | D:10     | Reached skill level 1 in Evocations
  9328 | D:10     | Reached XP level 11. HP: 52/70 MP: 15/15
  9337 | D:10     | Reached skill level 12 in Unarmed Combat
  9594 | D:10     | Found a flagged portal.
  9605 | Bailey   | Entered a bailey
  9885 | Bailey   | Noticed an orc knight
  9893 | Bailey   | Killed an orc knight
 10554 | D:10     | Acquired a manual of Dodging
 10555 | D:10     | Acquired the ring of Qazlal's Pride {rN+ rCorr MP+9 Dex+3}
 10556 | D:10     | Acquired 680 gold pieces
 10656 | D:11     | Noticed a boulder beetle
 10672 | D:11     | Noticed Fannar
 10693 | D:11     | Killed a boulder beetle
 10710 | D:11     | Killed Fannar
 10996 | D:11     | Noticed a two-headed ogre
 11001 | D:11     | Noticed a deep elf pyromancer
 11005 | D:11     | Killed a two-headed ogre
 11016 | D:11     | Killed a deep elf pyromancer
 11257 | D:11     | Found a staircase to the Orcish Mines.
 11292 | D:11     | Reached skill level 13 in Unarmed Combat
 11585 | D:11     | Identified the ring of Muysen {rCorr Str+3 Int+6 Dex-5}
 11676 | D:11     | Noticed a cyclops
 11686 | D:11     | Killed a cyclops
 11894 | D:11     | Noticed an orange crystal statue
 11899 | D:11     | Found Hilecal's Jewellery Shoppe.
 12467 | D:11     | Bought a ring of protection from cold for 350 gold pieces
 12467 | D:11     | Bought an amulet of regeneration for 420 gold pieces
 12607 | Lair:1   | Entered Level 1 of the Lair of Beasts
 12664 | Lair:1   | Reached XP level 12. HP: 75/75 MP: 17/17
 12672 | Lair:1   | Reached skill level 5 in Fighting
 12793 | Lair:1   | Reached ***** piety under the Shining One
 13394 | Lair:2   | Reached skill level 14 in Unarmed Combat
 13509 | Lair:2   | Noticed Nergalle
 13521 | Lair:2   | Killed Nergalle
 13582 | Lair:2   | Found a hole to the Spider Nest.
 13679 | Lair:2   | Found a staircase to the Swamp.
 14339 | Lair:3   | Noticed a boulder beetle
 14363 | Lair:3   | Killed a boulder beetle
 14364 | Lair:3   | Reached skill level 1 in Shields
 14565 | Lair:3   | Identified the +9 spear of Triumph {holy, rElec rN++}
 14913 | Lair:3   | Reached XP level 13. HP: 84/84 MP: 20/20
 15191 | Lair:4   | Reached skill level 10 in Invocations
 15547 | Lair:4   | Reached skill level 10 in Dodging
 15919 | Lair:4   | Found a viscous altar of Jiyva.
 15920 | Lair:4   | Found a staircase to the Slime Pits.
 16215 | Lair:5   | Entered Level 5 of the Lair of Beasts
 16703 | Lair:5   | Noticed a dire elephant
 16730 | Lair:5   | Killed a dire elephant
 17006 | Lair:5   | Noticed a dire elephant
 17033 | Lair:5   | Mangled by a dire elephant

Illustrated notes

Levels and vault maps discovered:
D:1:      saegor_arrival_simple_c, layout_loops_ring
D:2:      layout_loops_cross, basic_altar, serial_shops, shop,
          uniq_crazy_yiuf_cottage, uniq_robin, uniq_sigmund
D:3:      layout_loops_corners, serial_shops, nicolae_square_shop, uniq_ijyb
D:4:      minmay_inner_zag, layout_loops_ring, mainiacjoe_overflow_paths,
          cheibrodos_ashenzari_chains, okawaru_trees_2, uniq_eustachio
D:5:      layout_cave_pools, minmay_temple_entry_purple_smoke,
          portal_sewer_entry_d, uniq_prince_ribbit1
D:6:      layout_cave_pods, mainiacjoe_overflow_alcove_2, lemuel_round_altar,
          chequers_serial_rivers_small_3, minmay_small_thing
D:7:      layout_loops_ring, nicolae_gozag_cash_rules_everything_around_me,
          gup_ossuary_entry_pyramid, uniq_duvessa
D:8:      layout_loops_cross, xom_teletrap_fun, amcnicky_altar_gilded,
          fedhas_altar_2
D:9:      layout_roguey, elyvilon_altar_3, lair_entry_dummy,
          serial_corexii_hall, chequers_hall_statues_y, corexii_hall_statues_x
D:10:     layout_cave_pods, enter_bailey_3, dreamdust_princess_corridor
D:11:     minmay_separated_statues, layout_basic,
          kennysheep_orc_monster_closet_entryway, serial_shops, shop,
          uniq_fannar
Temple:   chequers_temple_sunken
Lair:1:   layout_regular_city
Lair:2:   layout_regular_city, skrybe_swamp_entry_bodies,
          spider_nest_entry_webs, serial_bayou_shore_b,
          infiniplex_staircase_pool, grunt_megastairs_4, uniq_nergalle
Lair:3:   layout_regular_city, eino_small_chamber_without_monster,
          serial_bayou_shore_a
Lair:4:   layout_cave_pods, minmay_slime_entry_jelly_boxes
Lair:5:   evil_forest, layout_cave_pods, cheibrodos_lair_lostbears

Skill      XL: |  1  2  3  4  5  6  7  8  9 10 11 12 13 |
---------------+----------------------------------------+-----
Fighting       | 2 3 4 6 8 |  8.0
Dodging        | 3 4 5 6 9 12 | 12.3
Unarmed Combat | 4 5 6 7 9 11 13 14 | 14.3
Shapeshifting  | 4 5 6 7 |  7.2
Stealth        | 1 4 5 |  5.9
Invocations    | 1 4 5 7 9 11 | 11.8
Evocations     | 1 3 4 |  4.0
Shields        | 1 |  1.0
Throwing       | |  0.2

Action                     |  1- 3 |  4- 6 |  7- 9 | 10-12 | 13-15 || total
---------------------------+-------+-------+-------+-------+-------++-------
  Melee: Unarmed           |    52 |    83 |   296 |   501 |   240 ||  1172
         Constrict         |    15 |    23 |    87 |    96 |    18 ||   239
         Tentacles         |    13 |    17 |    79 |   144 |    81 ||   334
         Punch             |     2 |     3 |    17 |    54 |    31 ||   107
  Throw: Dart              |       |       |       |     4 |     1 ||     5
 Invoke: Divine Shield     |       |       |     1 |     1 |     1 ||     3
  Evoke: Wand              |       |     3 |     3 |    27 |       ||    33
    Use: Scroll            |       |     7 |    10 |    12 |     4 ||    33
         Potion            |       |     1 |     2 |     4 |     1 ||     8
   Stab: Sleeping          |     2 |     2 |     6 |       |       ||    10
         Paralysed         |       |     9 |       |       |       ||     9
         Distracted        |       |       |     1 |       |       ||     1
 Armour: Skin              |    14 |    36 |    82 |   151 |    95 ||   378
  Dodge: Dodged            |    28 |    55 |   224 |   414 |   137 ||   858
  Block: Other             |       |       |       |     6 |     9 ||    15

Table legend: (Time is in decaauts)
 A = Elapsed time spent in this place.
 B = Non-inter-level travel time spent in this place.
 C = Inter-level travel time spent in this place.
 D = Time resting spent in this place.
 E = Time spent auto-exploring this place.
 F = Levels seen in this place.
 G = Mean time per level.
                   A        B        C        D        E       F      G
               +--------+--------+--------+--------+--------+-----+--------+
         Total |  16790 |  16174 |    616 |    859 |  11971 |  20 |  839.5 |
       Dungeon |  11585 |  11076 |    509 |    859 |   8014 |  11 | 1053.2 |
        Temple |     36 |     19 |     17 |      0 |      0 |   1 |   36.0 |
          Lair |   4304 |   4214 |     90 |      0 |   3372 |   5 |  860.8 |
         Sewer |    254 |    254 |      0 |      0 |    190 |   1 |  254.0 |
       Ossuary |    189 |    189 |      0 |      0 |     77 |   1 |  189.0 |
        Bailey |    420 |    420 |      0 |      0 |    318 |   1 |  420.0 |
               +--------+--------+--------+--------+--------+-----+--------+

Top non-repeatable levels by time:
    D:10: 1562 daAuts
    D:11: 1495 daAuts
     D:3: 1080 daAuts
     D:4: 1074 daAuts
     D:6: 1051 daAuts
  Lair:4: 1002 daAuts
     D:8: 972 daAuts
     D:7: 968 daAuts
     D:2: 956 daAuts
  Lair:2: 933 daAuts
     D:5: 900 daAuts
     D:9: 853 daAuts
  Lair:3: 840 daAuts
  Lair:5: 780 daAuts
  Lair:1: 747 daAuts
